 Dungeon Crawl Stone Soup version 0.26.1-11-gd32895ea62 (webtiles) character file.

Game seed: 4404459121400067110

46 mcveat the Grave Robber (level 3, -1/26 HPs)
             Began as a Hill Orc Necromancer on May 29, 2021.
             Slain by an adder (2 damage)
             ... on level 2 of the Dungeon.
             The game lasted 00:29:52 (1785 turns).

mcveat the Grave Robber (Hill Orc Necromancer)      Turns: 1785, Time: 00:29:53

Health: -1/26      AC:  5    Str: 10    XL:     3   Next: 68%
Magic:  0/6        EV: 10    Int: 16    God:
Gold:   66         SH:  0    Dex: 11    Spells: 4/6 levels left

rFire    . . .     SeeInvis .   o - +0 spear
rCold    . . .     Faith    .   (no shield)
rNeg     . . .     Spirit   .   n - +0 ring mail
rPois    .         Reflect  .   (no helmet)
rElec    .         Harm     .   (no cloak)
rCorr    .         Rampage  .   (no gloves)
Will     .....                  (no boots)
Stlth    +.........             (no amulet)
HPRegen  0.08/turn              (no ring)
MPRegen  0.10/turn              (no ring)

@: lethally poisoned (-1 -> -9)
A: no striking features
a: no special abilities


You were on level 2 of the Dungeon.
You visited 1 branch of the dungeon, and saw 2 of its levels.

You collected 66 gold pieces.

Inventory:

Hand Weapons
 c - a +0 spear
 h - a +0 mace
 j - a +0 dagger
 k - a +0 short sword
 m - a +0 dagger
 o - a +0 spear (weapon)
Missiles
 f - 75 bolts
 l - 28 stones
 q - 7 poisoned darts
Armour
 a - a +0 robe
 e - a +0 robe
 n - a +0 ring mail (worn)
Potions
 b - a potion of might {unknown}
 d - a potion of degeneration {unknown}
 g - a potion of flight {unknown}
 i - a potion of curing {unknown}
 p - 2 potions of heal wounds {unknown}


   Skills:
 + Level 0.1 Fighting
 + Level 0.1 Armour
 + Level 1.5 Dodging
 + Level 1.5 Stealth
 + Level 2.3 Spellcasting
 + Level 4.6 Necromancy


You had 4 spell levels left.
You knew the following spells:

 Your Spells              Type           Power        Failure   Level
a - Pain                  Necr           64%          8%          1
b - Animate Skeleton      Necr           32%          8%          1

Your spell library contained the following spells:

 Spells                   Type           Power        Failure   Level
 Vampiric Draining        Necr           8%           22%         3
 Animate Dead             Necr           8%           58%         4
 Agony                    Necr           16%          91%         5


Dungeon Overview and Level Annotations

Branches:
Dungeon (2/15)

Altars:


Message History

The adder is almost dead.
* * * LOW HITPOINT WARNING * * *
You feel sick. The adder barely misses you.
The giant cockroach barely misses you.
Casting: Pain (safe; 8% risk of failure)
Confirm with . or Enter, or press ? or * to list all spells.
You attempt to give life to the dead...
Before your eyes, flesh is ripped from the corpse!
The dead are walking!
The adder bites you.
* * * LOW HITPOINT WARNING * * *
You are more poisoned.
The adder poisons you!
The giant cockroach bites you but does no damage.
The adder barely misses you.
Your ring mail prevents you from hitting the giant cockroach.
* * * LOW HITPOINT WARNING * * *
You feel sick.
The giant cockroach bites you but does no damage.
The adder bites you.
You die...

... #.#.......#
.....#####.........#
#....†..#.......#
#.#####.#.......#
#.#.......#
#.........#
##...###### #.#gSZ#
#S###@# #.# #B#
#g###w# #(r..)#
#.†Z..... #........
#.....#.. #........
.........


You could see an adder, a dart slug, a giant cockroach, a hobgoblin and a
friendly hobgoblin skeleton.

Vanquished Creatures
  An adder (D:2)
  A dart slug (D:1)
  7 goblins
  7 hobgoblins
  3 jackals (D:1)
  A quokka (D:2)
  3 bats
  3 frilled lizards (D:1)
  3 kobolds (D:1)
  A rat (D:1)
30 creatures vanquished.

Vanquished Creatures (collateral kills)
  A hobgoblin (D:1)
  A bat (D:2)
2 creatures vanquished.

Grand Total: 32 creatures vanquished

Notes
Turn   | Place    | Note
-------+----------+-------------------------------------------
     0 | D:1      | mcveat the Hill Orc Necromancer began the quest for the
                  | Orb.
     0 | D:1      | Reached XP level 1. HP: 14/14 MP: 3/3
     6 | D:1      | Noticed a hound
     6 | D:1      | Noticed a redback
     6 | D:1      | Noticed a polar bear
     6 | D:1      | Noticed a rime drake
    55 | D:1      | Learned a level 1 spell: Pain
   506 | D:1      | Learned a level 1 spell: Animate Skeleton
   532 | D:1      | Reached XP level 2. HP: 18/20 MP: 2/4
  1020 | D:1      | Reached XP level 3. HP: 9/26 MP: 0/6
  1785 | D:2      | HP: 1/26 [poisoned by an adder]
  1785 | D:2      | Slain by an adder

Illustrated notes

Levels and vault maps discovered:
D:1:      onia_arrival_zoo_common, layout_basic, minmay_small_reverse_x
D:2:      layout_rooms, okawaru_ov_weapons_minmay

Skill      XL: |  1  2 |
---------------+-------+-----
Spellcasting   | 2 |  2.3
Fighting       | |  0.1
Armour         | |  0.1
Dodging        | |  1.5
Stealth        | |  1.5
Necromancy     | |  4.6

Action                   || total
-------------------------++-------
Melee: Spear             ||    31
 Cast: Pain              ||    49
       Animate Skeleton  ||     5
  Use: Scroll            ||     3
Armor: Robe              ||     5
       Ring mail         ||    23
Dodge: Dodged            ||    46
